 Dungeon Crawl Stone Soup version 0.24-a0-619-gb7544fd237 (webtiles) character file.

Game seed: 13794716321911839840, levelgen mode: deterministic

436559 lazerloerd the Devastator (level 24, -10/148 HPs)
             Began as a Gargoyle Wizard on Sept 17, 2019.
             Was the Champion of Okawaru.
             Hit by a large rock thrown by a stone giant (41 damage)
             ... on level 5 of the Vaults.
             The game lasted 04:29:59 (78512 turns).

lazerloerd the Devastator (Gargoyle Wizard)        Turns: 78512, Time: 04:30:00

Health: -10/148    AC: 35    Str: 13    XL:     24   Next: 2%
Magic:  31/55      EV: 16    Int: 29    God:    Okawaru [******]
Gold:   4973       SH:  5    Dex:  8    Spells: 25/61 levels left

rFire    + + .     SeeInvis .   O - +9 war axe (flame)
rCold    + . .     Gourm    .   s - +0 buckler {AC+3}
rNeg     + . .     Faith    .   w - +2 robe {rC+ rF+}
rPois    ∞         Spirit   .   H - +3 helmet "Vueh" {rF+}
rElec    +         Reflect  .   f - scarf {repulsion}
rCorr    .         Harm     .   a - +2 pair of gloves of Cuasch {Regen+}
MR       +....                  I - +2 pair of boots {run}
Stlth    ++........             p - amulet of the acrobat
HPRegen  0.74/turn              (no ring)
MPRegen  0.34/turn              U - ring of magical power

@: flying, studying Long Blades, repel missiles, quick
A: big wings, negative energy resistance 1, electricity resistance, unbreathing,
petrification resistance, rot immunity, AC +18
}: 2/15 runes: serpentine, barnacled
a: Stop Flying, Heroism, Finesse, Renounce Religion


You were on level 5 of the Vaults.
You worshipped Okawaru.
Okawaru was exalted by your worship.
You were not hungry.

You visited 10 branches of the dungeon, and saw 43 of its levels.
You also visited: Sewer, Gauntlet and Wizlab.

You collected 5277 gold pieces.
You spent 304 gold pieces at shops.

Inventory:

Hand Weapons
 O - a +9 war axe of flaming (weapon)
 V - the +8 hand crossbow "Mukhlegoy" {elec, rF++ Str+4}
   (You found it on level 3 of the Elven Halls)

   It charges the ammunition it shoots with electricity; occasionally upon a
   hit, such missiles may discharge and cause terrible harm.
   It affects your strength (+4).
   It greatly protects you from fire.
Armour
 a - the +2 pair of gloves of Cuasch (worn) {Regen+}
   (Okawaru gifted it to you on level 2 of the Shoals)

   It increases your rate of regeneration.
 f - a scarf of repulsion (worn)
 j - a +2 shield of positive energy
 r - a +1 pair of gloves
 s - a +0 buckler of protection (worn)
 t - the +0 pair of boots of the Slightly Bent {rElec rF+ Dex+3}
   (You found it on level 3 of the Elven Halls)

   It affects your dexterity (+3).
   It protects you from fire.
   It insulates you from electricity.
 w - a +2 robe of resistance (worn)
 G - a +2 robe of magic resistance
 H - the +3 helmet "Vueh" (worn) {rF+}
   (Okawaru gifted it to you on level 1 of the Vaults)

   It protects you from fire.
 I - a +2 pair of boots of running (worn)
Jewellery
 m - an uncursed ring of ice
 p - an amulet of the acrobat (around neck)
 u - an uncursed amulet of magic regeneration
 x - an uncursed ring of see invisible
 A - an uncursed ring of positive energy
 T - an uncursed ring of resist corrosion
 U - a ring of magical power (right hand)
Wands
 J - a wand of digging (25)
Scrolls
 b - 2 scrolls of acquirement
 h - 21 scrolls of remove curse
 i - 2 scrolls of enchant weapon
 l - 8 scrolls of fear
 o - 2 scrolls of brand weapon
 y - 4 scrolls of blinking
 B - 14 scrolls of amnesia
 E - 5 scrolls of magic mapping
 K - 4 scrolls of immolation
 M - a scroll of holy word
 R - a scroll of enchant armour
 S - 3 scrolls of teleportation
 Z - 12 scrolls of identify
Potions
 c - 2 potions of agility
 e - 5 potions of might
 g - 10 potions of curing
 k - 14 potions of brilliance
 n - 2 potions of invisibility
 z - 3 potions of haste
 C - a potion of resistance
 D - 3 potions of magic
 F - 3 potions of ambrosia
 L - 10 potions of mutation
 X - 3 potions of cancellation
Books
 q - a manual of Long Blades
Miscellaneous
 P - a crystal ball of energy
 Q - 2 phantom mirrors
 Y - a phial of floods
Comestibles
 d - 50 rations


   Skills:
 * Level 14.4 Fighting
 * Level 10.8 Dodging
 - Level 2.1 Stealth
 + Level 6.8 Shields
 * Level 19.4 Spellcasting
 * Level 19.8 Conjurations
   Level 0.8 Summonings
 - Level 1.4 Translocations
 + Level 7.4 Fire Magic
 * Level 15.2 Ice Magic
 * Level 12.3 Air Magic
 * Level 13.3 Earth Magic
 - Level 2.0 Poison Magic


You had 25 spell levels left.
You knew the following spells:

 Your Spells              Type           Power        Failure   Level  Hunger
a - Bolt of Fire          Conj/Fire      #######...   1%          6    None
b - Blink                 Tloc           N/A          1%          2    None
c - Conjure Flame         Conj/Fire      #######.     0%          3    None
d - Mephitic Cloud        Conj/Pois/Air  #######.     1%          3    None
e - Iron Shot             Conj/Erth      #######...   1%          6    None
f - Bolt of Cold          Conj/Ice       #######...   1%          6    None
g - Freezing Cloud        Conj/Ice/Air   #######...   1%          6    None
h - Stone Arrow           Conj/Erth      ######       0%          3    None
i - Magic Dart            Conj           ####         0%          1    None

Your spell library contained the following spells:

 Spells                   Type           Power        Failure   Level  Hunger
 Sandblast                Erth           ######       0%          1    None
 Sting                    Conj/Pois      ####         0%          1    None
 Searing Ray              Conj           ######       0%          2    None
 Iskenderun's Mystic Bla  Conj           #######.     0%          4    None
 Animate Skeleton         Necr           N/A          1%          1    None
 Apportation              Tloc           #####.       1%          1    None
 Beastly Appendage        Tmut           ####..       1%          1    None
 Confusing Touch          Hex            ####..       1%          1    None
 Corona                   Hex            ####...      1%          1    None
 Infusion                 Chrm           ####         1%          1    None
 Pain                     Necr           ####         1%          1    None
 Summon Small Mammal      Summ           ####         1%          1    None
 Call Imp                 Summ           ####....     1%          2    None
 Ensorcelled Hibernation  Hex/Ice        ######       1%          2    None
 Passwall                 Tmut/Erth      ######..     1%          2    None
 Shroud of Golubria       Chrm/Tloc      ####..       1%          2    None
 Dazzling Spray           Conj/Hex       ######       1%          3    None
 Ignite Poison            Fire/Tmut/Pois #####...     1%          3    None
 Inner Flame              Hex/Fire       #####...     1%          3    None
 Ozocubu's Armour         Chrm/Ice       ######..     1%          3    None
 Force Lance              Conj/Tloc      ######..     1%          4    None
 Fulminant Prism          Conj/Hex       ######....   1%          4    None
 Ice Form                 Ice/Tmut       ######..     1%          4    None
 Leda's Liquefaction      Hex/Erth       ######....   1%          4    None
 Petrify                  Tmut/Erth      ######..     1%          4    None
 Summon Ice Beast         Ice/Summ       ######..     1%          4    None
 Summon Lightning Spire   Summ/Air       ######..     1%          4    None
 Bolt of Draining         Conj/Necr      ######....   1%          5    None
 Fireball                 Conj/Fire      #######...   1%          5    None
 Lee's Rapid Deconstruct  Erth           #######...   1%          5    None
 Metabolic Englaciation   Hex/Ice        ######....   1%          5    None
 Ozocubu's Refrigeration  Ice            #######...   1%          6    None
 Corpse Rot               Necr           N/A          2%          2    None
 Slow                     Hex            ####....     2%          2    None
 Song of Slaying          Chrm           ####....     2%          2    None
 Gell's Gravitas          Tloc           #####.....   2%          3    None
 Borgnjor's Vile Clutch   Necr/Erth      ######....   2%          5    None
 Call Canine Familiar     Summ           ####....     3%          3    None
 Portal Projectile        Hex/Tloc       ####..       3%          3    None
 Summon Guardian Golem    Hex/Summ       ####....     3%          3    None
 Silence                  Hex/Air        ######....   3%          5    None
 Confuse                  Hex            ####....     4%          3    None
 Regeneration             Chrm/Necr      ####......   4%          3    None
 Spectral Weapon          Hex/Chrm       ####....     4%          3    None
 Tukima's Dance           Hex            ####....     4%          3    None
 Vampiric Draining        Necr           ####......   4%          3    None
 Simulacrum               Ice/Necr       ######....   10%         6    None
 Animate Dead             Necr           N/A          14%         4    None
 Cause Fear               Hex            ####......   14%         4    None
 Deflect Missiles         Chrm/Air       ######....   17%         6    None
 Spellforged Servitor     Conj/Summ      ######....   17%         7    ####...
 Summon Demon             Summ           ####......   28%         5    None
 Agony                    Necr           ####....     36%         5    None
 Blade Hands              Tmut           ####......   36%         5    None
 Dispel Undead            Necr           ####....     36%         5    None
 Excruciating Wounds      Chrm/Necr      ####......   36%         5    None
 Yara's Violent Unravell  Hex/Tmut       ####......   36%         5    None
 Hydra Form               Tmut           ####......   91%         6    None
 Ring of Flames           Chrm/Fire      #####.....   95%         7    ####...
 Ignition                 Fire           ######....   99%         8    #####..
 Discord                  Hex            ####......   100%        8    #####..
 Sublimation of Blood     Necr           Unusable     N/A         2    N/A

Dungeon Overview and Level Annotations

Branches:
Dungeon (15/15)            Temple (1/1) D:7            Lair (6/6) D:8
 Shoals (4/4) Lair:4        Snake (4/4) Lair:4        Slime (0/5) Lair:5
    Orc (2/2) D:12            Elf (3/3) Orc:2        Vaults (5/5) D:14
  Crypt (1/3) Vaults:2     Depths (2/5) D:15          Sewer (visited)
 WizLab (visited)         Gauntlet (visited)

Altars:
Ashenzari
Cheibriados
Dithmenos
Elyvilon
Fedhas
Gozag
Hepliaklqana
Kikubaaqudgha
Makhleb
Nemelex Xobeh
Okawaru
Qazlal
Ru
Sif Muna
Trog
Uskayaw
Vehumet
Wu Jian
Xom
Yredelemnul
Zin
The Shining One

Shops:
D:7 ?   D:11 !   D:14 (   D:15 ?   Orc:2 *}[(   Snake:2 ?   Vaults:2 [}
Vaults:3 *   Depths:1 =

Portals:
Hell: Depths:1 Depths:2

Annotations:
Vaults:5 Frederick
Crypt:1 Khufu
Depths:2 Sojobo


Innate Abilities, Weirdness & Mutations

You are resistant to torment.
Your stone body is resilient. (AC +18)
You are immune to poison.
Your large and strong wings let you fly indefinitely.
You resist negative energy. (rN+)
You are resistant to electric shocks. (rElec)
You can survive without breathing.
You are immune to petrification.
You are immune to rotting.


Message History

* * * LOW HITPOINT WARNING * * *
The stone giant throws a large rock.
The large rock completely misses you.
The war gargoyle launches metal splinters at you.
The spray of metal splinters misses you.
The stone giant throws a large rock.
You block the large rock. Magic courses through your body.
The war gargoyle completely misses you.
A tengu reaver comes into view. It is wielding a +1 vampiric broad axe.
The stone giant throws a large rock.
The large rock hits you but does no damage.
Casting: Iron Shot (safe; 1% risk of failure)
Confirm with . or Enter, or press ? or * to list all spells.
Aiming: Iron Shot (safe; 1% risk of failure)
Press: ? - help, Shift-Dir - straight line, f/p - war gargoyle
Aim: a war gargoyle, wielding a +0 flail (severely damaged)
The iron shot hits the war gargoyle!!!
You destroy the war gargoyle!
Okawaru accepts your kill.
The tengu reaver shouts!
The stone giant throws a large rock.
The large rock hits you!!!
You die...

. ...
####################..C..
...†..†...Q....)@........
########..###########....
#..# . #..# #9.# #..#
#..# #..#


You could see a stone giant and a tengu reaver.

Vanquished Creatures
  2 greater mummies
  Saint Roka (Snake:4)
  A caustic shrike (shapeshifter) (Vaults:4)
  A golden dragon (Depths:2)
  Jorgrun (D:13)
  2 deep elf master archers (Elf:3)
  2 deep elf blademasters (Elf:3)
  A lich (Depths:1)
  3 sphinxes
  An ancient champion (Vaults:2)
  Roxanne (Snake:4)
  Donald (Shoals:1)
  A tengu reaver (Depths:2)
  11 nagarajas
  6 vault wardens
  A fire giant (shapeshifter) (Vaults:2)
  5 frost giants
  5 deep elf sorcerers
  6 deep elf elementalists (Elf:3)
  A war gargoyle (Vaults:5)
  4 ironheart preservers
  5 very ugly things
  16 stone giants
  2 entropy weavers
  A vampire knight (Depths:1)
  6 deep elf demonologists
  Nessos (D:14)
  A minotaur (Gauntlet)
  A purple draconian (shapeshifter) (Depths:2)
  A dire elephant (Lair:6)
  7 deep elf annihilators
  An ettin (shapeshifter) (Vaults:1)
  6 fire dragons
  A spark wasp (Depths:2)
  7 deep elf death magi
  4 merfolk javelineers (Shoals:4)
  8 ettins
  12 merfolk impalers
  6 great orbs of eyes
  14 ogre magi
  A great orb of eyes (shapeshifter) (Vaults:4)
  The ghost of Putiof the Eclecticist, a journeyman DEWz of Sif Muna (Lair:6)
  4 deep elf high priests
  13 naga warriors
  23 vault guards
  6 ice dragons
  9 yaktaur captains
  A rakshasa (Vaults:3)
  2 alligator snapping turtles
  3 hydras
  2 merfolk avatars
  12 anacondas
  2 merfolk aquamancers
  10 centaur warriors
  21 dancing weapons
  3 deep troll shamans
  A catoblepas (Lair:4)
  50 two-headed ogres
  5 death knights
  3 satyrs
  4 tengu warriors
  3 orc high priests (Orc:2)
  3 death yaks
  A deep troll earth mage (Vaults:1)
  3 vampire magi
  12 naga sharpshooters
  11 shock serpents
  A spriggan berserker (Depths:2)
  21 deep elf knights
  A fire crab (shapeshifter) (Vaults:3)
  2 shadow wraiths (Vaults:1)
  A wretched star (Gauntlet)
  4 salamander mystics
  8 skeletal warriors
  10 deep trolls
  An iron troll (Depths:1)
  14 sea snakes
  An unseen horror (D:9)
  6 wizards
  2 glowing orange brains (Depths:2)
  7 naga ritualists
  3 flayed ghosts
  A kraken simulacrum (Shoals:4)
  2 unseen horrors (shapeshifter)
  An obsidian statue (Vaults:2)
  2 necromancers
  19 deep elf archers
  A harpy (shapeshifter) (Elf:1)
  11 ironbrand convokers
  A wolf spider (shapeshifter) (Vaults:5)
  A phantasmal warrior (Vaults:2)
  18 orc knights
  A shadow dragon zombie (Vaults:3)
  A human zombie (Vaults:3)
  27 harpies
  7 mana vipers
  61 ugly things
  7 orc sorcerers
  A faun (shapeshifter) (Depths:2)
  8 fauns
  An oklob plant (Lair:4)
  60 deep elf magi
  2 moths of wrath (Lair:6)
  Maurice (Orc:2)
  2 elephants (Lair:6)
  A manticore (shapeshifter) (Vaults:1)
  2 moths of wrath (shapeshifter)
  7 cyclopes
  11 salamanders
  A salamander (shapeshifter) (Depths:1)
  4 wolf spiders
  15 guardian serpents
  16 naga magi
  2 human skeletons (Vaults:3)
  An elephant (shapeshifter) (Vaults:3)
  17 manticores
  5 water nymphs
  8 merfolk sirens
  15 vault sentinels
  A stone giant skeleton (Vaults:3)
  Joseph (D:8)
  32 black mambas
  A torpor snail (Lair:4)
  A spiny frog (shapeshifter) (Vaults:4)
  The ghost of Stiffzip the Slasher, a novice FoAK of Lugonu (D:6)
  3 gargoyles
  A yaktaur zombie (D:15)
  6 freezing wraiths
  12 spiny frogs
  3 rime drakes
  11 komodo dragons
  32 yaktaurs
  A komodo dragon (shapeshifter) (Vaults:2)
  A yaktaur (shapeshifter) (Elf:1)
  A minotaur zombie (Gauntlet)
  A rime drake (shapeshifter) (Vaults:1)
  A tengu conjurer (Shoals:2)
  A queen bee (shapeshifter) (Vaults:4)
  7 trolls
  2 tyrant leeches (Lair:4)
  3 meliai (D:13)
  5 polar bears
  A yaktaur skeleton (D:15)
  A wind drake (shapeshifter) (Elf:1)
  23 merfolk
  A polar bear (shapeshifter) (Elf:1)
  A tyrant leech (shapeshifter) (Elf:3)
  63 slime creatures
  11 hippogriffs
  A hornet (shapeshifter) (Vaults:2)
  11 blink frogs
  8 hornets
  9 snapping turtles
  5 wind drakes
  A raiju (Gauntlet)
  11 dream sheep
  The ghost of Killmatronix the Slasher, an amateur HaGl (D:4)
  A stone giant simulacrum (Vaults:1)
  A redback (Vaults:4)
  6 spriggans (Lair:6)
  An ice dragon skeleton (D:15)
  7 wraiths
  3 air elementals
  A shadow (D:15)
  15 water elementals
  A yak (shapeshifter) (Elf:2)
  4 basilisks
  37 yaks
  8 wyverns
  3 fire elementals
  A hungry ghost (D:14)
  11 vampire mosquitoes
  A tengu zombie (D:15)
  Menkaure (D:7)
  4 steam dragons
  7 wargs
  57 nagas
  5 swamp worms (Lair:4)
  3 acid dragons
  A floating eye (shapeshifter) (Depths:2)
  16 water moccasins
  6 porcupines
  35 orc warriors
  4 phantoms
  5 sky beasts
  3 eyes of draining
  An eye of draining (shapeshifter) (Vaults:1)
  10 boggarts
  9 wolves
  4 ice beasts
  27 ogres
  13 centaurs
  A crocodile (shapeshifter) (Vaults:1)
  12 crocodiles
  4 big kobolds
  19 bullfrogs
  An earth elemental (Elf:2)
  3 scorpions
  A wyvern skeleton (D:10)
  2 human simulacra
  8 wights
  3 electric eels (Elf:3)
  2 crimson imps
  10 jellies
  2 centaur zombies
  3 bullfrog skeletons
  12 hounds
  6 centaur skeletons
  17 orc priests
  2 iguanas
  28 orc wizards
  14 worker ants
  A killer bee zombie (D:6)
  A small abomination (Gauntlet)
  A mummy (Crypt:1)
  3 worker ant zombies
  15 adders
  5 river rats (Sewer)
  6 shadow imps
  A howler monkey simulacrum (D:4)
  An ooze (Lair:5)
  3 adder skeletons
  A halfling skeleton (Crypt:1)
  7 worms
  An adder simulacrum (D:4)
  3 leopard geckos
  102 orcs
  7 bats
  4 giant cockroaches
  7 goblins
  8 hobgoblins
  10 jackals
  30 kobolds
  4 quokkas
  8 ball pythons
  5 frilled lizards
  A jackal simulacrum (D:4)
  2 jackal skeletons (D:4)
  A jackal zombie (D:3)
  A quokka zombie (D:6)
  25 rats
  16 plants
  A tentacle (Shoals:4)
  A withered plant (D:15)
1809 creatures vanquished.

Vanquished Creatures (others)
  An ironheart preserver (Vaults:2)
  A hydra (Lair:5)
  A two-headed ogre (Vaults:5)
  A harpy (Shoals:3)
  A naga (Snake:4)
  An orc priest (Orc:2)
  An orc (Vaults:1)
  A butterfly (Lair:5)
  20 fungi
  37 plants
  3 tentacles (Shoals:4)
  3 withered plants (D:15)
71 creatures vanquished.

Grand Total: 1880 creatures vanquished

Notes
Turn   | Place    | Note
-------+----------+-------------------------------------------
     0 | D:1      | lazerloerd the Gargoyle Wizard began the quest for the Orb.
     0 | D:1      | Reached XP level 1. HP: 10/10 MP: 4/4
   310 | D:1      | Reached XP level 2. HP: 15/15 MP: 1/6
  1008 | D:1      | Reached XP level 3. HP: 14/19 MP: 5/8
  1380 | D:1      | Learned a level 2 spell: Blink
  1384 | D:1      | Learned a level 3 spell: Conjure Flame
  1388 | D:1      | Learned a level 3 spell: Mephitic Cloud
  1712 | D:2      | Reached XP level 4. HP: 24/24 MP: 3/9
  2874 | D:3      | Found a basalt altar of Yredelemnul.
  2896 | D:3      | Found a faded altar of an unknown god.
  3499 | D:3      | Reached XP level 5. HP: 14/28 MP: 5/11
  3579 | D:4      | Noticed an ogre
  3592 | D:4      | Killed an ogre
  3592 | D:4      | Reached skill level 1 in Fire Magic
  3657 | D:4      | Found a runed translucent gate.
  3657 | D:4      | Found a runed translucent gate.
  3657 | D:4      | Found a runed translucent gate.
  3726 | D:4      | Reached skill level 1 in Poison Magic
  3726 | D:4      | Reached XP level 6. HP: 22/32 MP: 8/12
  4017 | D:4      | Reached skill level 1 in Air Magic
  4019 | D:4      | Noticed an ice beast
  4073 | D:4      | Reached skill level 5 in Spellcasting
  4073 | D:4      | Reached skill level 5 in Conjurations
  4073 | D:4      | Reached XP level 7. HP: 36/36 MP: 9/14
  4201 | D:4      | Noticed Killmatronix's ghost (amateur HaGl)
  4678 | D:5      | Entered Level 5 of the Dungeon
  4843 | D:5      | Found a glowing drain.
  4862 | Sewer    | Entered a sewer
  5497 | Sewer    | Reached XP level 8. HP: 42/42 MP: 5/16
  6219 | D:5      | Found a shimmering altar of Xom.
  6560 | D:6      | Reached skill level 1 in Fighting
  7280 | D:6      | Found a runed translucent gate.
  7281 | D:6      | Found a runed translucent gate.
  7282 | D:6      | Found a runed translucent gate.
  7284 | D:6      | Noticed Stiffzip's ghost (novice FoAK)
  7651 | D:7      | Reached XP level 9. HP: 44/48 MP: 7/19
  7794 | D:7      | Found Ackaomeihe's Magic Scroll Shop.
  7800 | D:7      | Noticed Menkaure
  7831 | D:7      | Killed Menkaure
  8257 | D:7      | Found a staircase to the Ecumenical Temple.
  8262 | Temple   | Entered the Ecumenical Temple
  8426 | Temple   | Became a worshipper of Warmaster Okawaru
  8954 | D:8      | Found a stormy altar of Qazlal.
  9129 | D:8      | Reached * piety under Okawaru
  9179 | D:8      | Reached XP level 10. HP: 44/56 MP: 10/21
  9250 | D:8      | Found a staircase to the Lair.
  9837 | D:8      | Noticed Joseph
  9848 | D:8      | Killed Joseph
  9848 | D:8      | Reached ** piety under Okawaru
 10518 | D:9      | Noticed a two-headed ogre
 10804 | D:9      | Killed a two-headed ogre
 10804 | D:9      | Reached skill level 1 in Translocations
 10955 | D:9      | Reached skill level 5 in Fighting
 10958 | D:9      | Identified the +1 chain mail "Otrekaan" {rF+++ Int-2 Dex+4
                  | Slay-4}
 10960 | D:9      | Reached *** piety under Okawaru
 11192 | D:9      | Noticed an unseen horror
 11202 | D:9      | Killed an unseen horror
 11202 | D:9      | Reached skill level 5 in Fire Magic
 11396 | D:9      | Got a bloodstained leather armour
 11417 | D:9      | Found a runed translucent door.
 11419 | D:9      | Found a runed translucent door.
 11606 | D:9      | Reached **** piety under Okawaru
 11873 | D:9      | Found a blossoming altar of Fedhas.
 11914 | D:9      | Noticed a death knight
 11914 | D:9      | Noticed a centaur warrior
 11991 | D:9      | Killed a death knight
 11991 | D:9      | Reached XP level 11. HP: 17/64 MP: 23/23
 11998 | D:9      | Killed a centaur warrior
 12103 | D:9      | Identified the +1 chain mail "Zeelegra" {*Drain rN+++
                  | Slay+3}
 12103 | D:9      | Noticed a skeletal warrior
 12157 | D:9      | Noticed a red ugly thing
 12220 | D:9      | Identified the ring of Kafisch {rF- MP+9 Int+5}
 12220 | D:9      | Noticed a centaur warrior
 12239 | D:9      | Killed a centaur warrior
 12239 | D:9      | Reached ***** piety under Okawaru
 12407 | D:10     | Entered Level 10 of the Dungeon
 12461 | D:10     | Reached skill level 5 in Dodging
 12780 | D:10     | Reached skill level 5 in Air Magic
 12829 | D:10     | Identified the +5 leather armour "Heasodd" {-Cast rElec
                  | rPois Str-3} (You found it on level 9 of the Dungeon)
 13241 | D:10     | Identified a scroll of acquirement
 13871 | D:6      | Killed Stiffzip's ghost
 14055 | D:4      | Killed Killmatronix's ghost
 14529 | D:11     | Received a gift from Okawaru
 14543 | D:11     | Identified a +0 pair of boots of running (Okawaru gifted it
                  | to you on level 11 of the Dungeon)
 14788 | D:11     | Found Teogun's Distillery.
 14792 | D:11     | Bought a potion of flight for 48 gold pieces
 14792 | D:11     | Bought 2 potions of mutation for 256 gold pieces
 15163 | D:12     | Found a shimmering altar of Xom.
 15163 | D:12     | Found a shimmering altar of Xom.
 15163 | D:12     | Found a shimmering altar of Xom.
 15163 | D:12     | Found a shimmering altar of Xom.
 15163 | D:12     | Found a shimmering altar of Xom.
 15163 | D:12     | Found a shimmering altar of Xom.
 15191 | D:12     | Noticed a manticore
 15377 | D:12     | Killed a manticore
 15508 | Lair:1   | Entered Level 1 of the Lair of Beasts
 15524 | Lair:1   | Identified Sif Muna's Papyrus of Transmigration
 15671 | Lair:1   | Reached XP level 12. HP: 71/71 MP: 21/25
 15689 | Lair:1   | Reached skill level 10 in Conjurations
 15947 | Lair:1   | Learned a level 3 spell: Stone Arrow
 16083 | Lair:1   | Reached skill level 1 in Earth Magic
 16765 | Lair:2   | You fall into a shaft and drop 2 floors!
 16887 | Lair:3   | You fall into a shaft and drop 1 floor!
 16889 | Lair:4   | Found a staircase to the Snake Pit.
 17116 | Lair:4   | Reached skill level 10 in Spellcasting
 17447 | Lair:4   | Reached skill level 5 in Earth Magic
 17448 | Lair:4   | Received a gift from Okawaru
 17706 | Lair:4   | Found a staircase to the Shoals.
 17915 | Lair:4   | Noticed a catoblepas
 17928 | Lair:4   | Killed a catoblepas
 18336 | Lair:3   | Reached ****** piety under Okawaru
 18336 | Lair:3   | Reached XP level 13. HP: 49/78 MP: 17/27
 18670 | Lair:3   | You fall into a shaft and drop 1 floor!
 19850 | Lair:5   | Received a gift from Okawaru
 20788 | Lair:5   | Found a staircase to the Slime Pits.
 21307 | Lair:6   | Entered Level 6 of the Lair of Beasts
 21347 | Lair:6   | Reached skill level 1 in Shields
 21684 | Lair:6   | Received a gift from Okawaru
 22319 | Lair:6   | Gained mutation: Your large and strong wings let you fly
                  | indefinitely. [Gargoyle growth]
 22319 | Lair:6   | Reached XP level 14. HP: 71/84 MP: 23/29
 22391 | Lair:6   | Found the +18 shield of the Gong {rElec rN+ MR+ EV-5}
 22401 | Lair:6   | Noticed a dire elephant
 22413 | Lair:6   | Killed a dire elephant
 22572 | Lair:6   | Got a smoking leather armour
 22713 | Lair:6   | Found a transporter.
 22715 | Lair:6   | Found a transporter.
 22717 | Lair:6   | Identified the +7 trident "Tang" {antimagic, +Inv MR+}
 22717 | Lair:6   | Identified the +2 trident of Zobely {antimagic, *Contam
                  | rPois Str+3 SInv}
 22719 | Lair:6   | Noticed Putiof's ghost (journeyman DEWz)
 22731 | Lair:6   | Found a bloodstained altar of Trog.
 23845 | D:9      | Reached skill level 5 in Shields
 24045 | D:9      | Got a twitching amethyst amulet
 24056 | D:9      | Identified the +3 leather armour of the Guilds {*Corrode
                  | MR+ Int+7} (You found it on level 6 of the Lair of Beasts)
 24063 | D:9      | Learned a level 6 spell: Bolt of Cold
 24070 | D:9      | Learned a level 6 spell: Freezing Cloud
 24338 | D:11     | Received a gift from Okawaru
 24410 | D:12     | Found a shimmering altar of Xom.
 24512 | D:12     | Reached skill level 1 in Ice Magic
 25024 | D:11     | Identified the amulet of Ohoy {Inacc rPois Int+2 Dex-3}
                  | (You found it on level 9 of the Dungeon)
 25135 | D:12     | Found a staircase to the Orcish Mines.
 25963 | D:13     | Noticed Jorgrun
 25974 | D:13     | Killed Jorgrun
 26880 | D:14     | Noticed Nessos
 26884 | D:14     | Reached skill level 5 in Ice Magic
 26904 | D:14     | Killed Nessos
 27012 | D:14     | Found Umpolut's Weapon Shoppe.
 27344 | D:11     | Got an ichor-stained buckler {god gift}
 27355 | D:11     | Identified the +0 buckler of Misoc {Str+4} (Okawaru gifted
                  | it to you on level 11 of the Dungeon)
 27377 | D:12     | Noticed an emperor scorpion
 27790 | D:14     | Found a gate to the Vaults.
 27912 | D:15     | Entered Level 15 of the Dungeon
 27912 | D:15     | Found Ychuesm's Magic Scroll Boutique.
 28068 | D:15     | Reached XP level 15. HP: 37/89 MP: 13/31
 28260 | D:15     | Received a gift from Okawaru
 28514 | D:15     | Found a white marble altar of Elyvilon.
 28741 | Orc:1    | Entered Level 1 of the Orcish Mines
 29396 | Orc:2    | Entered Level 2 of the Orcish Mines
 29627 | Orc:2    | Found a staircase to the Elven Halls.
 29634 | Orc:2    | Found a gate leading to a gauntlet.
 29638 | Orc:2    | Noticed Maurice
 29643 | Gauntlet | Entered a Gauntlet
 29643 | Gauntlet | Found a transporter.
 29643 | Gauntlet | Found a transporter.
 29652 | Gauntlet | Found a transporter.
 29672 | Gauntlet | Found a transporter.
 29676 | Gauntlet | Found a transporter.
 29688 | Gauntlet | Found a transporter.
 29689 | Gauntlet | Found a transporter.
 29692 | Gauntlet | Found a runed translucent door.
 29692 | Gauntlet | Found a runed translucent door.
 29696 | Gauntlet | Found a transporter.
 29712 | Gauntlet | Found a transporter.
 29726 | Gauntlet | Found a transporter.
 29730 | Gauntlet | Found a transporter.
 29739 | Gauntlet | Found a transporter.
 30264 | Gauntlet | Got a brightly glowing cloak
 30280 | Gauntlet | Identified the +3 cloak of the Vestibule of Hell {rPois}
                  | (You found it in a Gauntlet)
 30631 | Orc:2    | Killed Maurice
 32421 | Orc:2    | Found Vizow's Assorted Antiques.
 32421 | Orc:2    | Found Hihil's Antique Weapon Shoppe.
 32425 | Orc:2    | Found Xepoafir's Armour Shoppe.
 32425 | Orc:2    | Found Kinwop's Gadget Shop.
 32715 | Snake:1  | Entered Level 1 of the Snake Pit
 32729 | Snake:1  | Found a shimmering altar of Xom.
 33994 | Snake:1  | Received a gift from Okawaru
 35586 | Snake:2  | Found Essefog's Magic Scroll Shop.
 35692 | Snake:2  | Reached XP level 16. HP: 65/96 MP: 18/33
 35847 | Snake:2  | Got an encrusted leather armour
 36803 | Snake:2  | Identified the +1 leather armour of Wususs {+Inv Regen+
                  | Dex+2} (You found it on level 2 of the Snake Pit)
 36852 | Snake:3  | Noticed a nagaraja
 37007 | Shoals:1 | Entered Level 1 of the Shoals
 37140 | Shoals:1 | Found an iron altar of Okawaru.
 38219 | Shoals:1 | Noticed Donald
 38228 | Shoals:1 | Killed Donald
 39199 | Shoals:2 | Received a gift from Okawaru
 39202 | Shoals:2 | Got a pair of ichor-stained gloves {god gift}
 39213 | Shoals:2 | Identified the +2 pair of gloves of Cuasch {Regen+}
                  | (Okawaru gifted it to you on level 2 of the Shoals)
 40286 | Shoals:3 | Reached skill level 10 in Ice Magic
 41504 | Shoals:4 | Entered Level 4 of the Shoals
 42034 | Shoals:4 | Reached skill level 10 in Fighting
 42034 | Shoals:4 | Reached XP level 17. HP: 93/102 MP: 29/35
 42207 | Shoals:4 | Received a gift from Okawaru
 42276 | Shoals:4 | Found the +6 Majin-Bo {vamp, Archmagi MP+6 Int+6}
 42597 | Shoals:4 | Identified the +1 scale mail of the Cuttlefish {Int+4}
 42802 | Shoals:4 | Got a pitted platinum ring
 42804 | Shoals:4 | Identified the ring of Happiness {+Fly rC+ Stlth-} (You
                  | found it on level 4 of the Shoals)
 43477 | Shoals:4 | Got a barnacled rune of Zot
 43672 | Shoals:4 | Reached skill level 15 in Conjurations
 43930 | Lair:4   | Received a gift from Okawaru
 44093 | Snake:2  | Reached skill level 15 in Spellcasting
 45621 | Snake:3  | Reached XP level 18. HP: 83/108 MP: 21/37
 45863 | Snake:4  | Entered Level 4 of the Snake Pit
 46243 | Snake:4  | Received a gift from Okawaru
 46276 | Snake:4  | Identified Roxanne's Collected Works on Transmigration
 46276 | Snake:4  | Noticed Roxanne
 46571 | Snake:4  | Killed Roxanne
 46678 | Snake:4  | Noticed Saint Roka
 47077 | Snake:4  | Received a gift from Okawaru
 47078 | Snake:4  | Found the +27 Lear's hauberk
 49249 | Snake:4  | Got a serpentine rune of Zot
 49774 | Elf:1    | Entered Level 1 of the Elven Halls
 49779 | Elf:1    | Received a gift from Okawaru
 49967 | Elf:1    | Reached skill level 10 in Air Magic
 50153 | Elf:1    | Identified the Compendium of Sand
 50161 | Elf:1    | Identified the Incunabulum of Plaster Cramp
 50170 | Elf:1    | Learned a level 6 spell: Iron Shot
 50182 | Elf:1    | Identified Ts'ui Pên's Incunabulum of Forking Paths
 50553 | Elf:1    | Reached XP level 19. HP: 115/115 MP: 36/39
 51096 | Elf:1    | Received a gift from Okawaru
 53002 | Elf:2    | Found a runed translucent gate.
 53002 | Elf:2    | Found a runed translucent gate.
 53002 | Elf:2    | Found a runed translucent gate.
 53927 | Elf:2    | Received a gift from Okawaru
 54479 | Elf:3    | Entered Level 3 of the Elven Halls
 54762 | Elf:3    | Noticed a Hell Sentinel
 54767 | Elf:3    | Identified the +1 leather armour of Protective Custody
                  | {*Corrode rF++ Int+4}
 54767 | Elf:3    | Identified the ring "Jemoq" {rPois rN+}
 54939 | Elf:3    | Identified the cursed +1 bardiche of Ifuskuj {freeze, rElec
                  | rN+ Dex-4}
 55439 | Elf:3    | Reached XP level 20. HP: 104/122 MP: 1/40
 56018 | Elf:3    | Reached skill level 10 in Earth Magic
 56305 | Elf:3    | Identified the Collected Works on Snow and the Entourage
 56336 | Elf:3    | Got an encrusted hand crossbow
 56338 | Elf:3    | Identified the +8 hand crossbow "Mukhlegoy" {elec, rF++
                  | Str+4} (You found it on level 3 of the Elven Halls)
 56343 | Elf:3    | Identified the ring of Daseg {rPois Str+4}
 56613 | Elf:3    | Identified the +9 great sword of Conscience {slice, Stlth+}
 56705 | Elf:3    | Received a gift from Okawaru
 56908 | Elf:3    | Got a blackened helmet
 56919 | Elf:3    | Identified the +1 helmet of Wenkausu {Str+2} (You found it
                  | on level 3 of the Elven Halls)
 57020 | Elf:3    | Got a pair of transparent boots
 57031 | Elf:3    | Identified the +0 pair of boots of the Slightly Bent {rElec
                  | rF+ Dex+3} (You found it on level 3 of the Elven Halls)
 57044 | Elf:3    | Identified the Catalogue of Destructive Summoning
 57147 | Elf:3    | Got a steaming robe
 57158 | Elf:3    | Identified the cursed +0 robe "Rukhlis" {-Cast rC+ Str+3}
                  | (You found it on level 3 of the Elven Halls)
 58319 | D:15     | Found a staircase to the Depths.
 59034 | Vaults:1 | Entered Level 1 of the Vaults
 60826 | Vaults:1 | Reached XP level 21. HP: 128/128 MP: 40/42
 61000 | Vaults:1 | Received a gift from Okawaru
 61003 | Vaults:1 | Got a steaming helmet {god gift}
 61187 | Vaults:1 | Identified the +3 helmet "Vueh" {rF+} (Okawaru gifted it to
                  | you on level 1 of the Vaults)
 62427 | Snake:4  | Killed Saint Roka
 62959 | Vaults:2 | Found Rac Zoh's Gadget Emporium.
 63224 | Vaults:2 | Found Uhaxug's Armour Emporium.
 63795 | Vaults:2 | Found a staircase to the Crypt.
 64118 | Vaults:2 | You are sucked into a shaft and drop 1 floor!
 64362 | Vaults:3 | Found Jaazurr's General Store.
 65332 | Vaults:3 | Received a gift from Okawaru
 66960 | Vaults:4 | Found a magical portal.
 67279 | Vaults:4 | Reached XP level 22. HP: 123/135 MP: 30/44
 69106 | Vaults:4 | Reached skill level 10 in Dodging
 69107 | Vaults:4 | Received a gift from Okawaru
 71080 | Crypt:1  | Entered Level 1 of the Crypt
 71095 | Crypt:1  | Noticed a greater mummy
 71095 | Crypt:1  | Noticed a greater mummy
 71106 | Crypt:1  | Noticed Khufu
 71213 | Vaults:2 | Killed a greater mummy
 71338 | Crypt:1  | Killed a greater mummy
 71668 | Depths:1 | Entered Level 1 of the Depths
 71733 | Depths:1 | Received a gift from Okawaru
 72599 | Depths:1 | Found Urpheg's Jewellery Shop.
 72874 | Depths:1 | Reached XP level 23. HP: 141/141 MP: 16/45
 73213 | Depths:1 | Paralysed by an ogre mage for 6 turns
 73950 | Depths:1 | Found a gateway to Hell.
 73973 | Depths:1 | Received a gift from Okawaru
 75396 | Depths:2 | Noticed a golden dragon
 75536 | Depths:2 | Noticed Sojobo
 75698 | Depths:2 | Received a gift from Okawaru
 75806 | Depths:2 | Killed a golden dragon
 76678 | Lair:6   | Reached skill level 15 in Ice Magic
 76681 | Lair:6   | Killed Putiof's ghost
 76800 | Lair:6   | Learned a level 6 spell: Bolt of Fire
 77159 | Vaults:5 | Entered Level 5 of the Vaults
 77169 | Vaults:5 | HP: 6/142 [vault guard/+0 great sword (3)]
 77174 | Vaults:4 | HP: 6/142 [vault guard/+0 great sword (10)]
 77907 | Vaults:4 | Noticed a caustic shrike
 77912 | Vaults:4 | Killed a caustic shrike
 78105 | Vaults:4 | Received a gift from Okawaru
 78230 | Vaults:4 | Got a steaming cloak {god gift}
 78255 | Vaults:4 | Identified the +0 cloak "Unolu Zyxzi" {rElec} (Okawaru
                  | gifted it to you on level 4 of the Vaults)
 78432 | Vaults:5 | HP: 7/143 [frost giant/bolt of cold (15)]
 78458 | Vaults:5 | Noticed Frederick
 78469 | Vaults:5 | Reached XP level 24. HP: 34/148 MP: 0/46
 78512 | Vaults:5 | Hit by a large rock thrown by a stone giant

Levels and vault maps discovered:
D:1:      dpeg_arrival_simpleton_b, layout_basic
D:2:      layout_basic, glass_columns_a, minmay_misc_feat_ornament
D:3:      cheibrodos_old_hovel, layout_basic, nicolae_overflow_crystal_walls,
          chequers_ecumenical_altar_island, minmay_fractal_squares_5
D:4:      layout_loops_ring, gammafunk_ghost_icy, first_ration, st_stairs_11
D:5:      layout_loops_ring, basic_altar, portal_sewer_entry_c,
          minmay_misc_feat_more_columns
D:6:      layout_basic, gammafunk_ghost_necromancy, corexii_leaking_fountain
D:7:      layout_basic, minmay_temple_entry_statues_pillars,
          kennysheep_small_circle, uniq_menkaure
D:8:      layout_gridville, erik_lair_orcish_takeover, basic_altar, uniq_joseph
D:9:      minmay_the_grid_triangle_9x9_rhombus_full
          [minmay_the_grid_triangle_9x9_longest,
          minmay_the_grid_triangle_9x9_shrine,
          minmay_the_grid_triangle_9x9_stretched_checkered,
          minmay_the_grid_triangle_9x9_alien,
          minmay_the_grid_triangle_9x9_tough_junction,
          minmay_the_grid_triangle_9x9_odd_lines,
          minmay_the_grid_triangle_9x9_minimal,
          minmay_the_grid_triangle_9x9_prize_schism], layout_long_grid
D:10:     layout_loops_ring
D:11:     layout_rooms, serial_shops, shop, hangedman_fish_farm
D:12:     layout_loops_cross, orc_0_dummy, xom_shifter_show
D:13:     layout_roguey, uniq_jorgrun
D:14:     layout_roguey, david_vaults_2, serial_shops, shop, serial_park_square1
          [serial_park_minivault_5x5_1], uniq_nessos
D:15:     gammafunk_depths_entry_grave, layout_irregular_city, serial_shops,
          shop_coins, elyvilon_altar_3, nrook_guardian_serpent_double
Temple:   minmay_crystal_snake_temple
Lair:1:   layout_hall_layers, chequers_serial_rivers_small_b
Lair:2:   layout_regular_city, lemuel_fruit_tree, grunt_megastairs_3
Lair:3:   layout_small_grid, basic_altar, serial_bayou_shore_b
Lair:4:   layout_cave_shapes, minmay_shoals_entry_lonely_mermaid,
          minmay_snake_entry_six_corridors, worms_lemuel
Lair:5:   layout_misc_corridors, nicolae_slime_entry_slimehenge,
          lemuel_fruit_fields
Lair:6:   gammafunk_lair_ancient_temple, layout_regular_city,
          gammafunk_ghost_wrathful_warriors
Shoals:1: layout_shoals, lemuel_altar_in_water, uniq_donald
Shoals:2: layout_shoals, kb_tengu_band
Shoals:3: layout_shoals
Shoals:4: shoals_end_grunt_ice, layout_shoals, nicolae_shoals_loop_pool
Snake:1:  skrybe_snakes_to_sticks, layout_onion_interference
Snake:2:  layout_misc_corridors, serial_shops, shop,
          nrook_guardian_serpent_ordinary
Snake:3:  layout_cave_town, evilmike_ambush [evilmike_ambush_outer_basic,
          evilmike_ambush_inner_basic]
Snake:4:  johnstein_snake_rune_scales, layout_cave_town, uniq_saint_roka,
          uniq_roxanne
Orc:1:    layout_caves
Orc:2:    grunt_orc_tribal_feast, layout_caves, gauntlet_entry_generic,
          nicolae_orc_sculptors_studio, mines4_lemuel, uniq_maurice
Elf:1:    layout_gridlike, evilmike_minifort, bh_hangedman_babel_library,
          hangedman_decor_cross_pass
Elf:2:    layout_geoelf_grid
Elf:3:    grunt_elf_hall_branching, layout_geoelf_castle, serial_corexii_hall,
          chequers_hall_statues_corner_a, chequers_hall_statues_corner_a
Vaults:1: hangedman_vaults_stretched_pinwheel, hangedman_vaults_cutoff,
          hangedman_vaults_unwind, v_rooms_2, grunt_vaults_bifocal,
          vaults_room_fancy_cross, nicolae_vaults_specimen_jars,
          ontoclasm_vaults_ring_small, hangedman_vaults_nails,
          nicolae_vaults_branching_niches, hangedman_vaults_locks,
          nicolae_vaults_network_periphery, vaults_room_door_ring,
          layout_vaults_omnibox
Vaults:2: nicolae_vaults_big_angled_halls, hangedman_vaults_stagger, v_misc_28,
          nicolae_vaults_rhombus_6, vaults_dpeg_spiral,
          minmay_crypt_entry_simple_sparse, vaults_room_stairs_pillars,
          vaults_room_pools, nicolae_vaults_statue_guard,
          vaults_room_semicircle, layout_vaults_chaotic_city, serial_shops,
          nicolae_shop_competitors_out_of_business, shop
Vaults:3: ontoclasm_vaults_ligature, nicolae_vaults_twisting_passages,
          vaults_room_corners, vaults_room_mumra_shop_pool, st_diamondy,
          vaults_room_grunt_arrival_ludios, hangedman_vaults_slice,
          nicolae_vaults_little_ls, layout_vaults_omnigrid
Vaults:4: ontoclasm_vaults_chip, v_misc_10, v_misc_22, st_quartered_hall,
          v_pattern_2, v_misc_18, nicolae_vaults_theta,
          nicolae_vaults_little_squares_3, ontoclasm_vaults_fault,
          nicolae_vaults_asterisk, vaults_room_hallway,
          hangedman_vaults_restitches, hangedman_vaults_trim,
          vaults_room_octagon, layout_vaults_ring, mu_enter_wizlab_4
Vaults:5: serial_shops, uniq_frederick
Crypt:1:  gammafunk_dig_for_victory, layout_chaotic_city, uniq_khufu
Depths:1: layout_honeycomb, serial_shops, nicolae_shop_behind_doors, hell_entry,
          minislime_mu
Depths:2: minmay_distorted_concentric_squares, layout_gridville, serial_shops,
          kennysheep_mini_moat, hell_entry, nicolae_two_hexagons,
          kennysheep_nondecorative_pillar, uniq_sojobo

Skill      XL: |  1  2  3  4  5  6  7  8  9 10 11 12 13 14 15 16 17 18 19 20 21 22 23 |
---------------+----------------------------------------------------------------------+-----
Conjurations   | 2 3 4 5 6 7 9 10 11 12 13 14 15 16 17 18 19 | 19.8
Spellcasting   | 4 5 6 7 8 9 10 11 12 13 14 15 16 17 18 19 | 19.4
Fire Magic     | 1 2 3 4 5 6 7 |  7.4
Poison Magic   | 1 2 |  2.0
Air Magic      | 1 2 3 4 5 6 7 8 9 10 11 12 | 12.3
Fighting       | 2 4 5 6 7 8 9 10 11 12 13 14 | 14.4
Dodging        | 2 3 4 5 6 7 8 9 10 | 10.8
Translocations | 1 |  1.4
Earth Magic    | 6 8 9 10 11 12 13 | 13.3
Shields        | 4 5 6 |  6.8
Ice Magic      | 6 9 10 11 12 13 14 15 | 15.2
Stealth        | |  2.1
Summonings     | |  0.8

Action                   |  1- 3 |  4- 6 |  7- 9 | 10-12 | 13-15 | 16-18 | 19-21 | 22-24 || total
-------------------------+-------+-------+-------+-------+-------+-------+-------+-------++-------
Melee: Unarmed           |    14 |       |       |       |       |       |       |       ||    14
       Mace              |    19 |       |       |       |       |       |       |       ||    19
       Dagger            |    11 |    89 |   150 |       |       |       |       |       ||   250
       Battleaxe         |       |       |    44 |   109 |       |       |       |       ||   153
       War axe           |       |       |       |   233 |   382 |   245 |   243 |   239 ||  1342
 Cast: Magic Dart        |    75 |    68 |   209 |   374 |    89 |    21 |    33 |    15 ||   884
       Mephitic Cloud    |       |     6 |    16 |    46 |    32 |     6 |     8 |     7 ||   121
       Conjure Flame     |       |     4 |    19 |    82 |   120 |    11 |    12 |     5 ||   253
       Blink             |       |       |       |     8 |     6 |    10 |     3 |    13 ||    40
       Stone Arrow       |       |       |       |    18 |   497 |   103 |       |       ||   618
       Freezing Cloud    |       |       |       |       |    17 |   214 |   176 |   131 ||   538
       Bolt of Cold      |       |       |       |       |       |   136 |   129 |   122 ||   387
       Iron Shot         |       |       |       |       |       |     7 |   221 |   124 ||   352
Invok: Heroism           |       |       |       |       |       |     1 |       |     1 ||     2
 Abil: Fly               |       |       |       |       |       |     1 |       |       ||     1
Evoke: Wand              |       |       |       |     5 |       |       |       |     3 ||     8
  Use: Scroll            |       |     8 |     8 |    10 |    17 |     3 |    11 |    14 ||    71
       Potion            |       |       |       |     6 |       |     6 |     3 |    17 ||    32
 Stab: Confused          |       |     4 |     7 |     8 |    16 |     1 |       |       ||    36
       Sleeping          |       |     1 |     1 |       |       |     1 |       |       ||     3
  Eat: Chunk             |     2 |     8 |    13 |    22 |    30 |    58 |    56 |    35 ||   224
       Ration            |       |       |     1 |     2 |     8 |    14 |    11 |     3 ||    39
Armor: Robe              |    20 |    31 |    72 |   223 |   229 |   268 |   261 |   263 ||  1367
       Leather armour    |       |       |       |       |    17 |       |       |       ||    17
Dodge: Dodged            |    47 |    54 |   156 |   344 |   486 |   514 |   325 |   349 ||  2275
       Deflected         |       |       |       |       |    39 |    96 |    61 |    26 ||   222
Block: Buckler           |       |       |       |       |   168 |   180 |   150 |   102 ||   600

Table legend:
 A = Non-vault XP
 B = Vault XP
 C = Vault XP percentage of total XP
 D = Non-vault monster count
 E = Vault monster count
 F = Vault count percentage of total count
                 A         B        C        D         E       F
            +---------+---------+-------+---------+---------+-------
      Total |  454497 |  379401 |  45.5 |    1156 |     638 |  35.6
            +---------+---------+-------+---------+---------+-------
        D:1 |      39 |       0 |   0.0 |      21 |       0 |   0.0
        D:2 |      84 |       0 |   0.0 |      26 |       0 |   0.0
        D:3 |      24 |      19 |  44.2 |       9 |       7 |  43.8
        D:4 |     554 |     542 |  49.5 |      14 |       7 |  33.3
        D:5 |     401 |       6 |   1.5 |       6 |       5 |  45.5
        D:6 |     844 |     487 |  36.6 |      21 |       5 |  19.2
        D:7 |     740 |     214 |  22.4 |      23 |       2 |   8.0
        D:8 |    1278 |    1160 |  47.6 |      27 |      11 |  28.9
        D:9 |    2645 |    5664 |  68.2 |      23 |      16 |  41.0
       D:10 |    2193 |       0 |   0.0 |      36 |       0 |   0.0
       D:11 |    2002 |     289 |  12.6 |      23 |       1 |   4.2
       D:12 |    7275 |       0 |   0.0 |      32 |       0 |   0.0
       D:13 |    3421 |    3004 |  46.8 |      21 |       1 |   4.5
       D:14 |    4514 |    3029 |  40.2 |      27 |       4 |  12.9
       D:15 |   14782 |    4611 |  23.8 |      39 |       9 |  18.8
     Lair:1 |    3041 |       0 |   0.0 |      15 |       0 |   0.0
     Lair:2 |    1817 |     834 |  31.5 |      10 |       3 |  23.1
     Lair:3 |    4379 |       0 |   0.0 |      20 |       0 |   0.0
     Lair:4 |    7732 |    3050 |  28.3 |      28 |      16 |  36.4
     Lair:5 |    6880 |     135 |   1.9 |      22 |       4 |  15.4
     Lair:6 |    7414 |   15293 |  67.3 |      33 |      36 |  52.2
   Shoals:1 |   11621 |    1933 |  14.3 |      28 |       1 |   3.4
   Shoals:2 |   10454 |    1152 |   9.9 |      21 |       2 |   8.7
   Shoals:3 |   14606 |       0 |   0.0 |      31 |       0 |   0.0
   Shoals:4 |   12326 |   23779 |  65.9 |      28 |      32 |  53.3
    Snake:1 |   13011 |       0 |   0.0 |      25 |       0 |   0.0
    Snake:2 |   17136 |    6356 |  27.1 |      36 |      10 |  21.7
    Snake:3 |   16626 |    8785 |  34.6 |      29 |      14 |  32.6
    Snake:4 |   11978 |   49992 |  80.7 |      21 |      82 |  79.6
      Orc:1 |    1808 |     133 |   6.9 |      10 |       1 |   9.1
      Orc:2 |    1420 |    8553 |  85.8 |      14 |      41 |  74.5
      Elf:1 |   11998 |   10609 |  46.9 |      18 |      16 |  47.1
      Elf:2 |   26562 |   21935 |  45.2 |      43 |      28 |  39.4
      Elf:3 |   14339 |   41265 |  74.2 |      26 |      27 |  50.9
   Vaults:1 |   26542 |   43397 |  62.0 |      51 |      68 |  57.1
   Vaults:2 |   20515 |   15844 |  43.6 |      42 |      16 |  27.6
   Vaults:3 |   27532 |   21711 |  44.1 |      53 |      27 |  33.8
   Vaults:4 |   50849 |   43219 |  45.9 |      77 |      52 |  40.3
   Vaults:5 |    5481 |   15372 |  73.7 |       5 |      15 |  75.0
    Crypt:1 |       5 |    6749 |  99.9 |       1 |       2 |  66.7
   Depths:1 |   59455 |    6401 |   9.7 |      82 |      12 |  12.8
   Depths:2 |   27388 |   10477 |  27.7 |      36 |       8 |  18.2
      Sewer |       0 |     258 | 100.0 |       0 |      48 | 100.0
   Gauntlet |     786 |    3144 |  80.0 |       3 |       9 |  75.0
            +---------+---------+-------+---------+---------+-------
